 Dungeon Crawl Stone Soup version 0.28-a0-1493-g08698888e4 (webtiles) character file.

Game seed: 10841998406755113790

51 oldriver the Ducker (level 3, -1/31 HPs)
             Began as a Gnoll Gladiator on Jan 13, 2022.
             Slain by a gnoll (10 damage)
             ... on level 1 of the Dungeon.
             The game lasted 00:00:55 (1061 turns).

oldriver the Ducker (Gnoll Gladiator)               Turns: 1061, Time: 00:00:56

Health: -1/31      AC:  4    Str: 15    XL:     3   Next: 81%
Magic:  4/4        EV: 14    Int:  7    God:
Gold:   45         SH:  0    Dex: 13    Spells: 4/4 levels left

rFire   . . .      SeeInvis .   a - +0 trident
rCold   . . .      Faith    .   (no shield)
rNeg    . . .      Spirit   .   b - +0 leather armour
rPois   .          Reflect  .   c - +0 helmet
rElec   .          Harm     .   (no cloak)
rCorr   .          Rampage  .   (no gloves)
Will    .....                   (no boots)
Stlth   +.........              (no amulet)
HPRegen 0.10/turn               (no ring)
MPRegen 0.09/turn               (no ring)

@: no status effects
A: fangs 1, strong nose, distributed training
a: no special abilities


You were on level 1 of the Dungeon.
You visited 1 branch of the dungeon, and saw 2 of its levels.

You collected 45 gold pieces.

Inventory:

Hand Weapons
 a - a +0 trident (weapon)
Missiles
 d - 3 throwing nets (quivered)
Armour
 b - a +0 leather armour (worn)
 c - a +0 helmet (worn)
Scrolls
 h - a scroll of vulnerability {unknown}
Potions
 e - a potion of attraction {unknown}
 f - a potion of haste {unknown}
 g - a potion of magic {unknown}


   Skills:
 + Level 4.6 Fighting
 + Level 1.0 Short Blades
 + Level 1.0 Long Blades
 + Level 1.0 Axes
 + Level 1.0 Maces & Flails
 + Level 6.5 Polearms
 + Level 1.0 Staves
 + Level 1.0 Slings
 + Level 1.0 Bows
 + Level 1.0 Crossbows
 + Level 4.6 Throwing
 + Level 1.0 Armour
 + Level 6.5 Dodging
 + Level 1.0 Stealth
 + Level 1.0 Shields
 + Level 1.0 Unarmed Combat
 + Level 1.0 Spellcasting
 + Level 0.7 Conjurations
 + Level 0.7 Hexes
 + Level 0.7 Summonings
 + Level 0.7 Necromancy
 + Level 0.7 Translocations
 + Level 0.7 Transmutations
 + Level 0.7 Fire Magic
 + Level 0.7 Ice Magic
 + Level 0.7 Air Magic
 + Level 0.7 Earth Magic
 + Level 0.7 Poison Magic
 + Level 1.0 Invocations
 + Level 1.0 Evocations


You had 4 spell levels left.
You didn't know any spells.
Your spell library was empty.

Dungeon Overview and Level Annotations

Branches:
Dungeon (2/15)

Altars:

Shops:
D:1 ?


Innate Abilities, Weirdness & Mutations

You have very sharp teeth.
Your uncanny sense of smell can sniff out nearby items.
Your experience applies equally to all skills.


Message History

You struggle against the net.
The gnoll shouts!
You tear a large gash into the net.
You struggle against the net.
You shred the net and break free!
A rat comes into view.
The gnoll hits you from afar with a +0 halberd!
Found an escape hatch in the ceiling.
You see here a throwing net.
There is a stone staircase leading up here.
You closely miss the gnoll. The gnoll closely misses you. The gnoll misses you.
There is a stone staircase leading up here.
The gnoll hits you with a +3 whip of pain!
You writhe in agony.
The gnoll misses you.
You climb upwards.
There is a stone staircase leading down here.
You are too injured to fight recklessly!
You closely miss the gnoll. You bite the gnoll.
The gnoll is lightly wounded.
The gnoll completely misses you.
You hit the gnoll. Your bite misses the gnoll.
The gnoll is heavily wounded.
The gnoll closely misses you.
You hit the gnoll. You bite the gnoll, but do no damage.
The gnoll is severely wounded.
The gnoll barely misses you.
You hit the gnoll.
The gnoll is almost dead.
The gnoll hits you with a +3 whip of pain.
* * * LOW HITPOINT WARNING * * *
You writhe in agony.
* * * LOW HITPOINT WARNING * * *
You barely miss the gnoll.
The gnoll is almost dead.
The gnoll closely misses you.
You closely miss the gnoll. Your bite misses the gnoll.
The gnoll is almost dead.
The gnoll hits you with a +3 whip of pain!
You die...

...### #............>....# #.##
.)...# #............###### #.#
...#.# #............# ######.#
.#.#.###............#####.#....##
.#.#.#.+.......++#........#.##...
.#...#.#.......#.#.######.#....##
######.........#.#[.#...#.#......
.....#.####'#...........#.#.....#
..##.### #.#...@g..#...#.#...)..
..##...# #.#...........#.#.####.
..####'## #.##..........+........
........# #.##..........#########
........# #.###.........'....)...
........# #.###.........#########
........# #.#...........#
........# #.#.##........#
........# #.#.##........#


You could see a gnoll.

Vanquished Creatures
  2 adders (D:2)
  A worm (D:2)
  A ball python (D:2)
  5 goblins (D:1)
  4 hobgoblins
  5 jackals (D:1)
  A quokka (D:2)
  2 bats (D:1)
  3 kobolds
  4 rats
28 creatures vanquished.

Notes
Turn   | Place    | Note
-------+----------+-------------------------------------------
     0 | D:1      | oldriver the Gnoll Gladiator began the quest for the Orb.
     0 | D:1      | Reached XP level 1. HP: 20/20 MP: 1/1
   196 | D:1      | Reached XP level 2. HP: 24/26 MP: 2/2
   345 | D:1      | Found Buliv's Magic Scroll Shop.
   738 | D:2      | Reached XP level 3. HP: 25/31 MP: 2/4
   836 | D:2      | Reached skill level 1 in Invocations
   935 | D:2      | Reached skill level 1 in Short Blades
   935 | D:2      | Reached skill level 1 in Long Blades
   935 | D:2      | Reached skill level 1 in Axes
   935 | D:2      | Reached skill level 1 in Maces & Flails
   935 | D:2      | Reached skill level 1 in Staves
   935 | D:2      | Reached skill level 1 in Slings
   935 | D:2      | Reached skill level 1 in Bows
   935 | D:2      | Reached skill level 1 in Crossbows
   935 | D:2      | Reached skill level 1 in Armour
   935 | D:2      | Reached skill level 1 in Stealth
   935 | D:2      | Reached skill level 1 in Shields
   935 | D:2      | Reached skill level 1 in Unarmed Combat
   935 | D:2      | Reached skill level 1 in Spellcasting
   935 | D:2      | Reached skill level 1 in Evocations
  1061 | D:1      | Slain by a gnoll

Illustrated notes

Levels and vault maps discovered:
D:1:      dpeg_arrival_shelter, layout_basic, serial_shops, nicolae_shop_stone
D:2:      layout_basic, minmay_fractal_squares_5

Skill      XL: |  1  2  3 |
---------------+----------+-----
Invocations    | 1 |  1.0
Short Blades   | 1 |  1.0
Long Blades    | 1 |  1.0
Axes           | 1 |  1.0
Maces & Flails | 1 |  1.0
Staves         | 1 |  1.0
Slings         | 1 |  1.0
Bows           | 1 |  1.0
Crossbows      | 1 |  1.0
Armour         | 1 |  1.0
Stealth        | 1 |  1.0
Shields        | 1 |  1.0
Unarmed Combat | 1 |  1.0
Spellcasting   | 1 |  1.0
Evocations     | 1 |  1.0
Fighting       | |  4.6
Polearms       | |  6.5
Throwing       | |  4.6
Dodging        | |  6.5
Conjurations   | |  0.7
Hexes          | |  0.7
Summonings     | |  0.7
Necromancy     | |  0.7
Translocations | |  0.7
Transmutations | |  0.7
Fire Magic     | |  0.7
Ice Magic      | |  0.7
Air Magic      | |  0.7
Earth Magic    | |  0.7
Poison Magic   | |  0.7

Action                   || total
-------------------------++-------
Melee: Trident           ||    97
       Bite              ||     6
       Punch             ||     2
 Stab: Sleeping          ||     2
Armor: Leather armour    ||    20
Dodge: Dodged            ||    54

Table legend: (Time is in decaauts)
 A = Elapsed time spent in this place.
 B = Non-inter-level travel time spent in this place.
 C = Inter-level travel time spent in this place.
 D = Time resting spent in this place.
 E = Time spent auto-exploring this place.
 F = Levels seen in this place.
 G = Mean time per level.
                   A        B        C        D        E       F      G
               +--------+--------+--------+--------+--------+-----+--------+
         Total |   1059 |   1031 |     28 |     93 |    747 |   2 |  529.5 |
       Dungeon |   1059 |   1031 |     28 |     93 |    747 |   2 |  529.5 |
               +--------+--------+--------+--------+--------+-----+--------+

Top non-repeatable levels by time:
     D:1: 725 daAuts
     D:2: 334 daAuts
